 Dungeon Crawl Stone Soup version 0.15-a0-2227-g1e78800 (webtiles) character file.

37 Jon2 the Poker (level 3, 0/28 HPs)
             Began as a Merfolk Skald on July 24, 2014.
             Succumbed to a kobold's poison
             ... on Level 2 of the Dungeon.
             The game lasted 00:05:08 (1148 turns).

Jon2 the Poker (Merfolk Skald)                      Turns: 1148, Time: 00:05:08

HP   0/28        AC  3     Str 12      XL: 3   Next: 41%
MP   2/6         EV 11     Int 12      God:
Gold 55          SH  0     Dex 13      Spells:  3 memorised,  0 levels left

rFire  . . .     SeeInvis .     a - +0 spear
rCold  . . .     Clarity  .     b - +0 leather armour
rNeg   . . .     rCorr    .     (no shield)
rPois  .         rRot     .     (no helmet)
rElec  .         Spirit   .     (no cloak)
SustAb .         Warding  .     (no gloves)
rMut   .         Stasis   +     (no boots)
Gourm  .                        l - amulet of stasis
MR     .....                    (no ring)
                                (no ring)

@: lethally poisoned, shrouded, flying, very slightly contaminated, not
resistant to hostile enchantments, very unstealthy
A: change form in water, swift swim
a: no special abilities


You were on level 2 of the Dungeon.
You were not hungry.

You visited 1 branch of the dungeon, and saw 2 of its levels.

You collected 55 gold pieces.

Inventory:

Hand weapons
 a - a +0 spear (weapon)
Armour
 b - a +0 leather armour (worn)
Comestibles
 d - 2 bread rations
 g - a slice of pizza
 k - a meat ration
Scrolls
 e - 5 scrolls of identify {unknown}
 h - a scroll of teleportation {unknown}
 i - 2 scrolls of remove curse {unknown}
 j - a scroll of blinking {unknown}
 m - a scroll of fear {unknown}
 n - 5 scrolls of magic mapping {unknown}
Jewellery
 l - an amulet of stasis (around neck)
Books
 c - a book of Battle

   Spells                             Type                      Level
   *Infusion                          Charms                       1
   *Shroud of Golubria                Charms/Translocation         2
   Song of Slaying                    Charms                       2
   Spectral Weapon                    Hexes/Charms                 3
   *Regeneration                      Charms/Necromancy            3


   Skills:
 + Level 2.6 Fighting
 * Level 4.1 Polearms
 - Level 0.6 Armour
 + Level 2.1 Dodging
 - Level 2.0 Spellcasting
 + Level 3.6 Charms


You couldn't memorise any spells.
You knew the following spells:

 Your Spells              Type           Power        Failure   Level  Hunger
a - Infusion              Chrm           #.....       8%          1    ##.....
b - Shroud of Golubria    Chrm/Tloc      #.........   21%         2    ###....
c - Regeneration          Chrm/Necr      #.........   43%         3    ####...


Dungeon Overview and Level Annotations

Branches:
Dungeon (2/15)

Altars:


Message History

The kobold shoots a poisoned needle.
The poisoned needle barely misses you.
Attack whom?
Press: ? - help, Dir - move target cursor, f/p - kobold
Aim: a kobold, wielding a blowgun You reach to attack!
You closely miss the kobold.
* * * LOW HITPOINT WARNING * * *
You feel sick. The bat barely misses you.
Attack whom?
Press: ? - help, Dir - move target cursor, f/p - kobold
Aim: a kobold, wielding a blowgun You barely miss the kobold.
* * * LOW HITPOINT WARNING * * *
You feel sick. The bat barely misses you.
The kobold unwields an uncursed blowgun.
The kobold wields an uncursed whip.
The kobold completely misses you.
Attack whom?
Press: ? - help, Dir - move target cursor, f/p - kobold
Aim: a kobold, wielding a whip You barely miss the kobold.
You die...

..# .#........#
#.######...# #. #...#
#. ####...##### #.
#..........# . #.
#....(.....# #.. #.
#..........#
#...#.###..........#
#...(K@...(......#
#.......b..........#
#...................#
......................
.#........#...#######
#........#...#
........#...#
.......#.)) ....#


You could see a bat and a kobold.

Vanquished Creatures
  An adder (D:2)
  A worm (D:2)
  2 giant geckos
  An ooze (D:1)
  5 bats (D:1)
  2 giant cockroaches
  3 goblins
  A hobgoblin (D:2)
  3 kobolds (D:1)
  3 giant newts
  A rat (D:1)
23 creatures vanquished.

Notes
Turn   | Place    | Note
--------------------------------------------------------------
     0 | D:1      | Jon2, the Merfolk Skald, began the quest for the Orb.
     0 | D:1      | Reached XP level 1. HP: 16/16 MP: 3/3
   209 | D:1      | Reached XP level 2. HP: 20/23 MP: 4/4
   213 | D:1      | Learned a level 2 spell: Shroud of Golubria
   924 | D:2      | Reached skill level 4 in Polearms
   924 | D:2      | Reached XP level 3. HP: 28/28 MP: 6/6
   929 | D:2      | Learned a level 3 spell: Regeneration
  1147 | D:2      | HP: 1/28 [poisoned by a kobold]
  1148 | D:2      | Succumbed to a kobold's poison

Action                   || total
-------------------------++-------
Melee: Spear             ||   118
 Cast: Shroud of Golubri ||     1
  Use: Potion            ||     2
 Stab: Sleeping          ||     1
  Eat: Chunk             ||     1
